cohdb
Replays
Latest Replays
All Replays
Popular Replays
Top Player Replays
Match Explorer
How It Works
Community
CoH3 Stats
Reddit
Sign in to upload your games and track your stats! →
Sign in with Steam
Match 45976018
Unlisted
Match 45976018
Overview
Messages
Build Orders
End
Construct Infanterie Kompanie
Selects Luftwaffe Battlegroup
Selects Luftwaffe Pioneer Support
Fallschirmpioneer Squad Paradrop
MG 42 Machine Gun Team
GrW 34 Mortar Team
Construct Panzergrenadier Kompanie
Selects Stuka Strafing Run
251 Medium Carrier
Stuka Strafing Run
Pak 40 Anti-tank Gun Team
Stuka Strafing Run
R.U.C
Torus
Team saupiquet
lerobinoududu78
john c872
CiscO
Razi
Borcuch
0
0
Comments
sign in to comment!
No comments posted yet!